[Event "Titled Tuesday Blitz October 19 2021"]
[White "Swicarz, Maciej"]
[Black "Salimova, Nurgyul"]
[WhiteFideId "1113585"]
[BlackFideId "2915138"]
[WhiteElo "2130"]
[BlackElo "2071"]
[Result "0-1"]
[Round "02"]
[TimeControl "180+1"]
[Date "2021.10.19"]
[WhiteClock "0:00:36"]
[BlackClock "0:00:23"]

1. c4 e6 2. Nc3 d5 3. cxd5 exd5 4. d4 c6 5. Nf3 Nf6 6. Bg5 Be7 7. e3 O-O 8. Bd3 Nbd7 9. Rb1 a5 10. a3 Re8 11. O-O h6 12. Bxf6 Nxf6 13. Qc2 Bd6 14. b4 b5 15. Ne2 axb4 16. axb4 Bd7 17. Ng3 Qe7 18. Bf5 g6 19. Bxd7 Qxd7 20. Rfc1 Ra6 21. Ne1 h5 22. Nd3 h4 23. Nf1 h3 24. g3 Ne4 25. Qd1 Qf5 26. Rc2 Ra3 27. Rbc1 Nxg3 28. Nxg3 Bxg3 29. hxg3 Rxd3 30. Qf1 Rb3 31. Rxc6 Rxb4 32. R6c5 Kg7 33. Rxb5 Rxb5 34. Qxb5 Qf3 35. Qf1 h2+ 0-1


[Site "https://www.chess.com"]

[Event "Titled Tuesday Blitz October 19 2021"]
[White "Sydoryka, Vladyslav"]
[Black "Tsydypov, Zhamsaran"]
[WhiteFideId "14145928"]
[BlackFideId "4108566"]
[WhiteElo "2282"]
[BlackElo "2649"]
[Result "1-0"]
[Round "02"]
[TimeControl "180+1"]
[Date "2021.10.19"]
[WhiteClock "0:00:04"]
[BlackClock "0:00:12"]

1. c4 Nf6 2. g3 g6 3. Bg2 Bg7 4. Nc3 O-O 5. d3 e5 6. Nf3 d6 7. O-O Nc6 8. Rb1 Nh5 9. b4 f5 10. b5 Ne7 11. Qc2 h6 12. Bb2 g5 13. a4 f4 14. Nd5 Ng6 15. Nd2 g4 16. d4 Ne7 17. dxe5 dxe5 18. Ba3 Nf5 19. Bxf8 Bxf8 20. Nb3 c6 21. bxc6 bxc6 22. Nc3 Qf6 23. Ne4 Qe7 24. Rfd1 Nhg7 25. c5 Be6 26. Nd6 h5 27. Nxf5 Bxf5 28. Be4 Be6 29. Bxc6 Rc8 30. Bd5 Qf7 31. Bxe6 Nxe6 32. Rbc1 Kg7 33. c6 Ng5 34. Rd7 Be7 35. Qc3 Nh3+ 36. Kg2 fxg3 37. Qxe5+ Kh6 38. Qxg3 Nf4+ 39. Kh1 Ne6 40. Qe3+ Kg6 41. Nd4 Nxd4 42. Qxd4 Qe6 43. Qd3+ Kg7 44. Qe3 Rxc6 45. Qxe6 Rxe6 46. Rcc7 Kf6 47. e3 Bd6 48. Rxa7 Be5 49. Rdb7 Rd6 50. Kg2 h4 51. Rb5 h3+ 52. Kf1 Bxh2 53. Rh7 Kg6 54. Rh8 Rd1+ 55. Ke2 Bd6 56. Rb6 Kf5 57. Kxd1 Be5 58. Rb5 Ke4 59. Rxe5+ Kxe5 60. Ke2 Ke4 61. Kf1 1-0


[Site "https://www.chess.com"]

[Event "Titled Tuesday Blitz October 19 2021"]
[White "Taboas Rodriguez, Daniel"]
[Black "Wagner, Dennis"]
[WhiteFideId "2208466"]
[BlackFideId "24650684"]
[WhiteElo "2429"]
[BlackElo "2355"]
[Result "1-0"]
[Round "02"]
[TimeControl "180+1"]
[Date "2021.10.19"]
[WhiteClock "0:00:41"]
[BlackClock "0:00:02"]

1. d4 Nf6 2. Nf3 g6 3. c4 Bg7 4. Nc3 d5 5. cxd5 Nxd5 6. e4 Nxc3 7. bxc3 c5 8. Be3 Qa5 9. Qd2 Nd7 10. Rc1 O-O 11. Bd3 e5 12. d5 b5 13. c4 Qxd2+ 14. Nxd2 b4 15. Nb3 f5 16. Nxc5 f4 17. Nxd7 Bxd7 18. Bc5 Rfb8 19. Ke2 a5 20. Rb1 g5 21. Rhc1 Ra6 22. Be7 g4 23. c5 Rg6 24. c6 f3+ 25. gxf3 gxf3+ 26. Kd1 Rc8 27. h4 Bh6 28. Bg5 Bxg5 29. hxg5 Be8 30. c7 Kf8 31. Rc5 Ke7 32. Rbc1 a4 33. Kd2 b3 34. axb3 axb3 35. Kc3 Rb6 36. Kb2 Kd6 37. R5c3 Ba4 38. Rh1 Be8 39. Rxh7 Bg6 40. Rh6 Kd7 41. Rxb3 Rxb3+ 42. Kxb3 Be8 43. d6 Kc6 44. Kb4 Bd7 45. Bb5+ Kb6 46. Bxd7 Ra8 47. c8=Q Ra4+ 48. Bxa4 Ka7 49. Qc7+ 1-0


[Site "https://www.chess.com"]

[Event "Titled Tuesday Blitz October 19 2021"]
[White "Taichman, Ori"]
[Black "Svane, Frederik"]
[WhiteFideId "2804069"]
[BlackFideId "12923044"]
[WhiteElo "2227"]
[BlackElo "2459"]
[Result "1-0"]
[Round "02"]
[TimeControl "180+1"]
[Date "2021.10.19"]
[WhiteClock "0:00:24"]
[BlackClock "0:00:09"]

1. e4 c5 2. Nf3 Nc6 3. Bb5 g6 4. c3 Bg7 5. d4 a6 6. Bxc6 dxc6 7. dxc5 Qxd1+ 8. Kxd1 Nf6 9. Re1 Ng4 10. Be3 f5 11. h3 fxe4 12. Ng5 Nxe3+ 13. fxe3 Bh6 14. Nxe4 Bf5 15. Nbd2 O-O-O 16. Ke2 Rd7 17. g4 Be6 18. b3 Rhd8 19. Rad1 Bg7 20. Nf3 Bd5 21. Nfg5 h6 22. c4 hxg5 23. cxd5 Rxd5 24. Rxd5 Rxd5 25. Rd1 Bf6 26. Rxd5 cxd5 27. Nxf6 exf6 28. Kd3 Kd7 29. Kd4 Ke6 30. b4 f5 31. a4 f4 32. exf4 gxf4 33. h4 g5 34. hxg5 Kf7 35. b5 axb5 36. axb5 Ke6 37. c6 bxc6 38. bxc6 Kd6 39. g6 Kxc6 40. g7 f3 41. g8=Q f2 42. Qxd5+ Kc7 43. Qf5 Kb6 44. Qxf2 Kb7 45. Qc2 Kb6 46. Qc5+ Ka6 47. g5 Kb7 48. g6 Ka8 49. Qb5 Ka7 50. g7 Ka8 51. g8=Q+ Ka7 52. Qgb8# 1-0


[Site "https://www.chess.com"]

[Event "Titled Tuesday Blitz October 19 2021"]
[White "Tregubov, Pavel V."]
[Black "Tang, Andrew"]
[WhiteFideId "4115341"]
[BlackFideId "2059630"]
[WhiteElo "2423"]
[BlackElo "2588"]
[Result "0-1"]
[Round "02"]
[TimeControl "180+1"]
[Date "2021.10.19"]
[WhiteClock "0:00:36"]
[BlackClock "0:00:57"]

1. e4 e5 2. Nf3 Nc6 3. Bb5 g6 4. d4 exd4 5. Bg5 Be7 6. Bxe7 Qxe7 7. O-O Qb4 8. Bxc6 dxc6 9. Qxd4 Qxd4 10. Nxd4 Bd7 11. Nd2 O-O-O 12. N2f3 Ne7 13. Rad1 c5 14. Ne2 Bg4 15. Nc3 Bxf3 16. gxf3 Nc6 17. Nd5 Nd4 18. Kg2 Nxc2 19. Rc1 Nb4 20. Rxc5 Nxd5 21. Rxd5 Rxd5 22. exd5 Rd8 23. Rd1 c6 24. d6 Kd7 25. f4 Re8 26. Kf3 Re6 27. Rd3 Rxd6 28. Rb3 b6 29. Ra3 a5 30. Rb3 b5 31. a4 b4 32. Re3 f6 33. f5 g5 34. Kg4 Rd4+ 35. Kg3 Rf4 36. Rd3+ Kc7 37. Re3 h5 38. Re6 Rxf5 39. h4 gxh4+ 0-1


[Site "https://www.chess.com"]

[Event "Titled Tuesday Blitz October 19 2021"]
[White "Vallejo Diaz, Javier"]
[Black "Kollars, Dmitrij"]
[WhiteFideId "2256398"]
[BlackFideId "12909572"]
[WhiteElo "2596"]
[BlackElo "2584"]
[Result "0-1"]
[Round "02"]
[TimeControl "180+1"]
[Date "2021.10.19"]
[WhiteClock "0:00:05"]
[BlackClock "0:00:31"]

1. e4 e6 2. d4 d5 3. Nd2 c5 4. exd5 Qxd5 5. Ngf3 cxd4 6. Bc4 Qd7 7. O-O Nc6 8. Nb3 a6 9. a4 Nf6 10. Nbxd4 Nxd4 11. Nxd4 Qc7 12. Qe2 Bd6 13. h3 O-O 14. Bg5 Bh2+ 15. Kh1 Be5 16. c3 h6 17. Be3 Bf4 18. Bxf4 Qxf4 19. Nf3 Bd7 20. Ne5 Rad8 21. a5 Ne4 22. Nf3 Bc6 23. Rad1 Rxd1 24. Rxd1 Nxf2+ 25. Qxf2 Qxc4 26. Ne5 Qb5 27. Nxc6 Qxc6 28. Qd4 Rc8 29. Qb4 Qc7 30. Rd6 h5 31. Qd4 Qxa5 32. Rd7 Qb5 33. b4 Qc6 34. Rd6 Qxc3 35. Rd8+ Kh7 36. Qe4+ g6 37. Rd7 Qf6 38. Rxb7 h4 39. Ra7 Rc1+ 40. Kh2 Ra1 41. b5 axb5 42. Rxa1 Qxa1 43. Qxh4+ Kg7 44. Qe4 Qc3 45. Qb7 b4 46. h4 b3 47. Qb5 b2 48. g3 Qc2+ 49. Kh3 Qf5+ 50. Qxf5 gxf5 0-1


[Site "https://www.chess.com"]

[Event "Titled Tuesday Blitz October 19 2021"]
[White "Vlassov, Nikolai"]
[Black "Praggnanandhaa R"]
[WhiteFideId "4103360"]
[BlackFideId "25059530"]
[WhiteElo "2407"]
[BlackElo "2599"]
[Result "0-1"]
[Round "02"]
[TimeControl "180+1"]
[Date "2021.10.19"]
[WhiteClock "0:00:01"]
[BlackClock "0:00:05"]

1. e4 c5 2. c3 e5 3. Nf3 Nc6 4. Bc4 d6 5. O-O Be7 6. d4 cxd4 7. cxd4 exd4 8. Nxd4 Nf6 9. Nc3 O-O 10. h3 Ne5 11. Bb3 Ng6 12. f4 Re8 13. Be3 Bf8 14. Qd3 Bd7 15. Rad1 Rc8 16. Rf3 a6 17. Bf2 b5 18. a3 Qa5 19. Nc2 Bc6 20. Re1 Bb7 21. Nb4 d5 22. Nbxd5 Bxd5 23. Nxd5 Nxd5 24. Bxd5 Bc5 25. b4 Bxf2+ 26. Rxf2 Qb6 27. Qe3 Qd6 28. Qb3 Qe7 29. e5 Red8 30. g3 Qd7 31. Bg2 Rc4 32. Kh2 h5 33. h4 Ne7 34. Bf3 g6 35. Rd1 Rd4 36. Rxd4 Qxd4 37. Kg2 Nf5 38. Re2 Kg7 39. e6 fxe6 40. Qxe6 Kh6 41. Qxa6 Ne3+ 42. Kh2 Qd3 43. Qc6 Nf1+ 44. Kg2 Nd2 45. g4 hxg4 46. Bxg4 Qb1 47. h5 Qf1+ 48. Kg3 Rd3+ 49. Kh2 Rh3+ 50. Bxh3 Qxe2+ 51. Kg3 Ne4+ 0-1


[Site "https://www.chess.com"]

[Event "Titled Tuesday Blitz October 19 2021"]
[White "Vokhidov, Shamsiddin"]
[Black "Alavkin, Arseny"]
[WhiteFideId "14204223"]
[BlackFideId "4120612"]
[WhiteElo "2616"]
[BlackElo "2391"]
[Result "1/2-1/2"]
[Round "02"]
[TimeControl "180+1"]
[Date "2021.10.19"]
[WhiteClock "0:00:12"]
[BlackClock "0:00:06"]

1. e4 c5 2. Nf3 Nc6 3. Nc3 g6 4. d4 cxd4 5. Nxd4 Bg7 6. Be3 Nf6 7. Nxc6 bxc6 8. e5 Ng8 9. Bd4 Qc7 10. e6 Nf6 11. exd7+ Bxd7 12. Bc4 O-O 13. Qe2 Bf5 14. O-O-O Rfd8 15. Kb1 Rac8 16. f3 Rxd4 17. Rxd4 Nd5 18. Rhd1 Bxd4 19. Rxd4 Nxc3+ 20. bxc3 c5 21. Rd1 Rb8+ 22. Ka1 Qb6 23. Bb3 Be6 24. c4 Qc7 25. c3 Qxh2 26. Rd2 Qf4 27. Qd3 h5 28. Rd1 h4 29. Re1 Qf6 30. Qe3 Kg7 31. Kb2 Rd8 32. Re2 Qf5 33. Bc2 Qh5 34. Qf4 Rd6 35. Re5 Qh6 36. Qxh6+ Kxh6 37. Kc1 Bxc4 38. Rxe7 Bf1 39. Rxf7 Bxg2 40. Rf4 h3 41. Rh4+ Kg7 42. f4 Rd5 43. Bd1 Rd3 44. Kc2 Rg3 45. Kd2 Be4 46. Bg4 Bf5 47. Bxf5 gxf5 48. Kc2 Kf6 49. Kb3 Ke6 50. Kc4 Kd6 51. Rh6+ Kc7 52. a4 Kb7 53. a5 Rf3 54. a6+ Kc7 55. Kxc5 Rxc3+ 56. Kd5 Ra3 57. Ke5 Ra5+ 58. Kd4 Ra4+ 59. Kc5 Ra5+ 60. Kb4 Ra1 61. Rxh3 Rxa6 62. Rh7+ Kb8 63. Rf7 Rb6+ 64. Kc5 Rb1 65. Rxf5 Kb7 66. Rf7+ Ka6 67. f5 Rc1+ 68. Kd5 Rd1+ 69. Ke5 Re1+ 70. Kd6 Rf1 71. f6 Kb5 72. Ke6 a5 73. Rb7+ Kc4 74. f7 a4 75. Ra7 Kb3 76. Rb7+ Kc3 77. Rc7+ Kb3 78. Rc5 Rxf7 79. Kxf7 a3 80. Rb5+ Kc3 81. Ra5 Kb2 82. Ke6 a2 83. Rxa2+ Kxa2 1/2-1/2


[Site "https://www.chess.com"]

[Event "Titled Tuesday Blitz October 19 2021"]
[White "Zhigalko, Sergei"]
[Black "Papasimakopoulos, Alexandros"]
[WhiteFideId "13502956"]
[BlackFideId "4244125"]
[WhiteElo "2662"]
[BlackElo "2352"]
[Result "1-0"]
[Round "02"]
[TimeControl "180+1"]
[Date "2021.10.19"]
[WhiteClock "0:00:02"]
[BlackClock "0:00:04"]

1. e4 e6 2. d4 d5 3. Nd2 Nf6 4. e5 Nfd7 5. Bd3 c5 6. c3 Nc6 7. Ne2 cxd4 8. cxd4 f6 9. exf6 Nxf6 10. Nf3 Bd6 11. O-O Qc7 12. h3 O-O 13. Nc3 a6 14. Re1 Bd7 15. Bd2 Rae8 16. Rc1 Qb8 17. a3 e5 18. Nxd5 exd4 19. Qb3 Kh8 20. Nxf6 Rxf6 21. Ng5 Ne5 22. Bxh7 Ref8 23. f4 Ng6 24. Bxg6 Bxf4 25. Bxf4 Qxf4 26. Nf7+ R8xf7 27. Bxf7 Qf2+ 28. Kh2 Rxf7 29. Qg3 Bc6 30. Rcd1 Qxb2 31. Rf1 Rxf1 32. Rxf1 Kg8 33. Rf2 Qa1 34. Qe5 Qxa3 35. Qxd4 Qe7 36. Rf4 a5 37. Qc4+ Kh7 38. Rh4+ Kg6 39. Rg4+ Kh7 40. Rh4+ Kg6 41. Qg4+ Kf7 42. Rh5 Qd6+ 43. Kh1 Bd7 44. Qf3+ Kg6 45. Rd5 Qc6 46. Qd3+ Kh6 47. Rd6+ 1-0


[Site "https://www.chess.com"]

[Event "Titled Tuesday Blitz October 19 2021"]
[White "Zubov, Alexander"]
[Black "Tologon tegin, Semetei"]
[WhiteFideId "14109409"]
[BlackFideId "13800574"]
[WhiteElo "2685"]
[BlackElo "2224"]
[Result "1-0"]
[Round "02"]
[TimeControl "180+1"]
[Date "2021.10.19"]
[WhiteClock "0:00:41"]
[BlackClock "0:00:10"]

1. d4 Nf6 2. c4 e6 3. Nf3 b6 4. a3 Bb7 5. Nc3 g6 6. d5 exd5 7. cxd5 Bg7 8. g3 O-O 9. Bg2 Re8 10. O-O Na6 11. Nd4 Nc5 12. Bf4 d6 13. Rc1 a6 14. b4 Nce4 15. Nxe4 Nxe4 16. f3 Nf6 17. e4 Nd7 18. Qd2 Ne5 19. Bg5 Qd7 20. f4 Ng4 21. Rfe1 h6 22. Bh4 Rac8 23. Bh3 h5 24. Bg2 c5 25. dxc6 Bxc6 26. Nxc6 Rxc6 27. Rxc6 Qxc6 28. e5 Qa4 29. h3 Nxe5 30. fxe5 Bxe5 31. Re3 Rc8 32. Bg5 Rc2 33. Qd5 Rc1+ 34. Kh2 Rd1 35. Qb3 Qb5 36. Qxd1 1-0


[Site "https://www.chess.com"]

[Event "Titled Tuesday Blitz October 19 2021"]
[White "Abarca Gonzalez, Nicolas"]
[Black "Taboas Rodriguez, Daniel"]
[WhiteFideId "3409422"]
[BlackFideId "2208466"]
[WhiteElo "2504"]
[BlackElo "2429"]
[Result "1-0"]
[Round "03"]
[TimeControl "180+1"]
[Date "2021.10.19"]
[WhiteClock "0:01:53"]
[BlackClock "0:00:55"]

1. e4 e6 2. d4 d5 3. exd5 exd5 4. c4 Nf6 5. Nc3 Be7 6. Nf3 O-O 7. cxd5 Nxd5 8. Bd3 Bg4 9. O-O Nc6 10. Be4 Nf6 11. Bxc6 bxc6 12. Be3 Nd5 13. h3 Bh5 14. Ne4 f5 15. Nc5 f4 16. Bd2 Rf6 17. Re1 Rg6 18. Kh1 Qd6 19. Re5 Bxf3 20. Qxf3 Rf8 21. Rae1 Bf6 22. Re6 Qd8 23. Rxc6 Bxd4 24. Rxg6 hxg6 25. Ne6 Qd6 26. Nxd4 1-0


[Site "https://www.chess.com"]

[Event "Titled Tuesday Blitz October 19 2021"]
[White "Ajay, Karthikeyan"]
[Black "Obolenskikh, Dmitry"]
[WhiteFideId "35011685"]
[BlackFideId "4156013"]
[WhiteElo "2183"]
[BlackElo "2541"]
[Result "1-0"]
[Round "03"]
[TimeControl "180+1"]
[Date "2021.10.19"]
[WhiteClock "0:02:02"]
[BlackClock "0:01:37"]

1. d4 d5 2. Bf4 Nf6 3. e3 c5 4. Nf3 Nc6 5. Nbd2 Qb6 6. dxc5 Qxb2 7. Rb1 Qc3 8. Bb5 Qxc5 9. c4 a6 10. Bxc6+ bxc6 11. O-O Bf5 12. Rc1 e6 13. Nd4 Bd3 14. N2b3 Qb6 15. Qxd3 Be7 16. c5 Qb7 17. Na5 Qc8 18. Naxc6 Nd7 19. Nxe7 Kxe7 20. c6 Nf6 21. Qa3+ Ke8 22. c7 Nd7 23. Nc6 1-0


[Site "https://www.chess.com"]

[Event "Titled Tuesday Blitz October 19 2021"]
[White "Arabidze, Meri"]
[Black "Jobava, Baadur"]
[WhiteFideId "13604040"]
[BlackFideId "13601520"]
[WhiteElo "2432"]
[BlackElo "2731"]
[Result "0-1"]
[Round "03"]
[TimeControl "180+1"]
[Date "2021.10.19"]
[WhiteClock "0:00:01"]
[BlackClock "0:01:41"]

1. Nf3 d5 2. d4 c6 3. g3 Nf6 4. Bg2 Bf5 5. O-O e6 6. b3 h6 7. Bb2 Nbd7 8. c4 Be7 9. Nc3 O-O 10. e3 Re8 11. Qe2 Ne4 12. Rac1 Bf8 13. Rfd1 Ndf6 14. Ne5 Nxc3 15. Bxc3 a5 16. c5 Nd7 17. f4 Nf6 18. a3 Be4 19. Bh3 Bh7 20. Rf1 Ne4 21. Be1 f6 22. Nd3 g5 23. Bg4 Bg7 24. Bh5 Rf8 25. Bg4 Qe7 26. Nb2 gxf4 27. gxf4 Kh8 28. Kh1 Rg8 29. Bf3 e5 30. Bh4 exd4 31. exd4 Rae8 32. Rce1 Qd7 33. Qg2 f5 34. Nd3 Bxd4 35. Qc2 Rg7 36. Ne5 Qc7 37. Qd3 Bxc5 38. b4 axb4 39. axb4 Bxb4 40. Qd4 Bxe1 41. Rxe1 Kg8 42. Rf1 Qd6 43. Bh5 Ra8 44. Qb2 d4 45. Qb3+ Qd5 46. Qf3 Ra3 0-1


[Site "https://www.chess.com"]

[Event "Titled Tuesday Blitz October 19 2021"]
[White "Aradhya, Garg"]
[Black "Nguyen, Ngoc Truong Son"]
[WhiteFideId "25006746"]
[BlackFideId "12401110"]
[WhiteElo "2146"]
[BlackElo "2596"]
[Result "1/2-1/2"]
[Round "03"]
[TimeControl "180+1"]
[Date "2021.10.19"]
[WhiteClock "0:00:04"]
[BlackClock "0:00:06"]

1. d4 Nf6 2. c4 e6 3. Nf3 d5 4. Nc3 dxc4 5. e4 b5 6. e5 Nd5 7. Nxb5 Nb6 8. a4 Bb4+ 9. Bd2 Nc6 10. a5 Nd5 11. Bxc4 O-O 12. O-O Rb8 13. Bxb4 Ncxb4 14. Qd2 Ba6 15. Na3 Bxc4 16. Nxc4 h6 17. Rfc1 Qd7 18. h4 Rfc8 19. h5 Ne7 20. Ra3 Nbd5 21. Ne1 Nf5 22. Nd3 Qe7 23. Nf4 Nxf4 24. Qxf4 Rxb2 25. Rac3 Rb4 26. Nd6 cxd6 27. Rxc8+ Kh7 28. exd6 Qxd6 29. Qxd6 Nxd6 30. R8c7 a6 31. R7c6 Nb5 32. Rxa6 Nxd4 33. Rc7 Ne2+ 34. Kf1 Nf4 35. Rc1 Nxh5 36. Ra8 Rh4 37. Ke2 Nf4+ 38. Kf3 Nd3 39. Rcc8 Ra4 40. a6 f5 41. a7 e5 42. Ke3 e4 43. g3 Kg6 44. Rc6+ Kg5 45. Rc4 Rxc4 46. Rg8 Ra4 47. a8=Q Rxa8 48. Rxa8 Ne5 49. Ra7 Ng4+ 50. Ke2 g6 51. Kf1 h5 52. Kg2 h4 53. gxh4+ Kxh4 54. Ra6 Kg5 55. Kg3 Nf6 56. f4+ exf3 57. Kxf3 Ne4 58. Ke3 Ng3 59. Rc6 Nh5 60. Kf3 Nf4 61. Rc4 Nd3 62. Rc8 Ne5+ 63. Ke3 Kg4 64. Re8 Nf3 65. Re6 g5 66. Kf2 Nd2 67. Re2 Ne4+ 68. Kg2 Kf4 69. Ra2 g4 70. Ra3 Kg5 71. Rb3 f4 72. Rb5+ Kh4 73. Rf5 f3+ 74. Rxf3 gxf3+ 75. Kxf3 1/2-1/2


[Site "https://www.chess.com"]

[Event "Titled Tuesday Blitz October 19 2021"]
[White "Bluebaum, Matthias"]
[Black "Perez Gormaz, Matias"]
[WhiteFideId "24651516"]
[BlackFideId "3406342"]
[WhiteElo "2681"]
[BlackElo "2352"]
[Result "1-0"]
[Round "03"]
[TimeControl "180+1"]
[Date "2021.10.19"]
[WhiteClock "0:00:58"]
[BlackClock "0:00:18"]

1. d4 d5 2. Nf3 e6 3. e3 Nf6 4. Bd3 Bd6 5. Nbd2 O-O 6. O-O c5 7. b3 b6 8. Bb2 Bb7 9. Ne5 Nbd7 10. Qe2 a6 11. a4 Qc7 12. f4 Ne4 13. Bxe4 dxe4 14. Nxd7 Qxd7 15. Nc4 Bc7 16. dxc5 bxc5 17. Rad1 Qc6 18. Qg4 f6 19. Nd6 Bc8 20. Nxc8 Raxc8 21. Qe2 c4 22. Rd4 cxb3 23. cxb3 Rfd8 24. Rc1 Qb7 25. Qc4 Rd5 26. Rxd5 exd5 27. Qc6 1-0


[Site "https://www.chess.com"]

[Event "Titled Tuesday Blitz October 19 2021"]
[White "Bordi, Kevin"]
[Black "Przybylski, Wojciech"]
[WhiteFideId "621862"]
[BlackFideId "1117599"]
[WhiteElo "2761"]
[BlackElo "2247"]
[Result "0-1"]
[Round "03"]
[TimeControl "180+1"]
[Date "2021.10.19"]
[WhiteClock "0:00:17"]
[BlackClock "0:00:10"]

1. d4 Nf6 2. Bg5 e6 3. e4 h6 4. Bxf6 Qxf6 5. c3 g6 6. Bd3 Bg7 7. Ne2 d6 8. O-O O-O 9. f4 Qe7 10. Nd2 c5 11. Nf3 cxd4 12. cxd4 Nc6 13. Rc1 Bd7 14. Qb3 b6 15. Bb5 Na5 16. Qa4 Bxb5 17. Qxb5 Rfc8 18. b4 Nb7 19. Qa6 Qd7 20. Rxc8+ Rxc8 21. Qxa7 Rc2 22. Ng3 Qc7 23. f5 exf5 24. exf5 Rb2 25. fxg6 fxg6 26. Kh1 Kh7 27. a3 Qc6 28. d5 Qxd5 29. Qxb6 Nc5 30. Qb5 Qd3 31. Qxd3 Nxd3 32. Ne4 d5 33. Nd6 Ra2 34. Nb5 Nf4 35. g3 Ne2 36. Rf2 d4 37. Kg2 d3 38. h4 Kg8 39. h5 gxh5 40. Nfd4 d2 41. Rxe2 d1=Q 42. Rxa2 Bxd4 43. Nxd4 Qxd4 44. Rf2 Qd5+ 45. Kh2 Qe5 46. Rf4 Qe3 47. a4 Qd2+ 48. Kh3 Qd7+ 49. Kh2 Qxa4 50. Kg2 Qc6+ 51. Kh2 Qe6 52. Rh4 Qg6 53. Rf4 Kh7 54. Rh4 Qf7 55. Rf4 Qe8 56. Rh4 Qe2+ 57. Kg1 Qe8 58. Kg2 Qf7 59. Rf4 Qd5+ 60. Kh2 Kg6 61. Rh4 Kg5 62. Rf4 Qd6 63. Kg2 Qd2+ 64. Kg1 Qe2 65. Rh4 Qe1+ 66. Kg2 Qd2+ 67. Kg1 Qd1+ 68. Kg2 Qc2+ 69. Kg1 Qc1+ 70. Kg2 Qb2+ 71. Kg1 Qa3 72. Kg2 Qb3 73. Rf4 Qc2+ 74. Kg1 Qc6 75. Kh2 Qd5 76. Rh4 Qd2+ 77. Kg1 Qe1+ 78. Kg2 Qe2+ 79. Kg1 Qf3 80. Kh2 Qf2+ 81. Kh3 Qg1 0-1


[Site "https://www.chess.com"]

[Event "Titled Tuesday Blitz October 19 2021"]
[White "Dang, Hoang Son"]
[Black "Svidler, Peter"]
[WhiteFideId "12402435"]
[BlackFideId "4102142"]
[WhiteElo "2248"]
[BlackElo "2709"]
[Result "0-1"]
[Round "03"]
[TimeControl "180+1"]
[Date "2021.10.19"]
[WhiteClock "0:00:18"]
[BlackClock "0:01:04"]

1. d4 Nf6 2. c4 g6 3. Nc3 d5 4. cxd5 Nxd5 5. e4 Nxc3 6. bxc3 Bg7 7. Nf3 c5 8. Be2 cxd4 9. cxd4 O-O 10. O-O b6 11. Bg5 Bb7 12. d5 Nd7 13. Rc1 Nc5 14. Nd2 Rc8 15. Bg4 f5 16. Bh3 Qd7 17. Re1 Nd3 18. Rxc8 Rxc8 19. exf5 Nxe1 20. fxg6 Qxd5 21. Qxe1 Qxg5 22. gxh7+ Kh8 23. Nf1 Rc1 24. Qe6 Rxf1+ 25. Kxf1 Ba6+ 0-1


[Site "https://www.chess.com"]

[Event "Titled Tuesday Blitz October 19 2021"]
[White "Demchenko, Anton"]
[Black "Borsuk, Konstantin"]
[WhiteFideId "4160258"]
[BlackFideId "14113406"]
[WhiteElo "2583"]
[BlackElo "2397"]
[Result "1-0"]
[Round "03"]
[TimeControl "180+1"]
[Date "2021.10.19"]
[WhiteClock "0:01:33"]
[BlackClock "0:00:02"]

1. e4 e6 2. d4 d5 3. Nc3 Bb4 4. exd5 exd5 5. Bd3 c6 6. Nf3 Bg4 7. O-O Ne7 8. Re1 Nd7 9. Bd2 Bd6 10. h3 Bh5 11. g4 Bg6 12. Bxg6 hxg6 13. Kg2 Qc7 14. Ng5 Nb6 15. Qf3 Rf8 16. b3 O-O-O 17. a4 a6 18. a5 Nd7 19. Na4 Nf6 20. c4 Ne4 21. Nxe4 dxe4 22. Qxe4 f5 23. Qe6+ Kb8 24. c5 Bf4 25. Bxf4 Qxf4 26. Qxe7 fxg4 27. Qe5+ Ka7 28. Qxf4 Rxf4 29. Ra2 gxh3+ 30. Kxh3 Rfxd4 31. Re3 Rb4 32. Rae2 Rb5 33. Kg4 Rxa5 34. Kg5 Rb5 35. Kxg6 Rd4 36. Kxg7 a5 37. Kf6 Rbb4 38. Ke5 Ka6 39. f3 Rf4 40. Rd3 Kb5 41. Nc3+ Kxc5 42. Ne4+ Kb6 43. Kxf4 1-0


[Site "https://www.chess.com"]

[Event "Titled Tuesday Blitz October 19 2021"]
[White "Erdogdu, Mert"]
[Black "Perez Rodriguez, Luis Manuel"]
[WhiteFideId "6301495"]
[BlackFideId "3503364"]
[WhiteElo "2485"]
[BlackElo "2429"]
[Result "1/2-1/2"]
[Round "03"]
[TimeControl "180+1"]
[Date "2021.10.19"]
[WhiteClock "0:00:40"]
[BlackClock "0:00:50"]

1. e4 e5 2. Nf3 Nc6 3. Bc4 Nf6 4. d3 Be7 5. O-O O-O 6. Re1 d6 7. a4 Kh8 8. Nc3 Ng8 9. d4 Bg4 10. dxe5 Bxf3 11. Qxf3 Nxe5 12. Qe2 Nxc4 13. Qxc4 f5 14. exf5 Rxf5 15. Be3 Qd7 16. Rad1 Raf8 17. Qg4 Nf6 18. Qh3 a6 19. Ne2 Rh5 20. Qxd7 Nxd7 21. Nf4 Rhf5 22. Ne6 Rc8 23. Bd4 Bf6 24. g3 Kg8 25. f4 Ra5 26. b3 b5 27. axb5 axb5 28. Nxg7 Ra2 29. Nh5 Bxd4+ 30. Rxd4 Rxc2 31. Re7 Ra8 32. Rd1 Raa2 33. Rxd7 Rg2+ 34. Kf1 Raf2+ 35. Ke1 Re2+ 36. Kf1 Ref2+ 37. Ke1 Re2+ 38. Kf1 Ref2+ 1/2-1/2


[Site "https://www.chess.com"]

[Event "Titled Tuesday Blitz October 19 2021"]
[White "Ghimpu, Samuel-Timotei"]
[Black "Zubov, Alexander"]
[WhiteFideId "1238175"]
[BlackFideId "14109409"]
[WhiteElo "2012"]
[BlackElo "2685"]
[Result "0-1"]
[Round "03"]
[TimeControl "180+1"]
[Date "2021.10.19"]
[WhiteClock "0:00:14"]
[BlackClock "0:01:24"]

1. b3 d5 2. Bb2 Bg4 3. f3 Bh5 4. h4 f6 5. d4 c5 6. e3 Nc6 7. c3 e5 8. Ne2 Nge7 9. Ng3 Bf7 10. dxc5 Qc7 11. Kf2 b6 12. cxb6 Qxb6 13. Nd2 g6 14. Bd3 Bh6 15. Qe2 f5 16. Rhe1 f4 17. Ngf1 O-O 18. Kg1 Nf5 19. Bxf5 gxf5 20. Qf2 Rad8 21. c4 Nb4 22. exf4 Qxf2+ 23. Kxf2 Nd3+ 24. Ke2 Nxb2 25. Rab1 dxc4 26. bxc4 Nxc4 0-1


[Site "https://www.chess.com"]

[Event "Titled Tuesday Blitz October 19 2021"]
[White "Goltsev, Dmitry"]
[Black "Saya, Ethan"]
[WhiteFideId "24176710"]
[BlackFideId "26095181"]
[WhiteElo "2334"]
[BlackElo "2217"]
[Result "1-0"]
[Round "03"]
[TimeControl "180+1"]
[Date "2021.10.19"]
[WhiteClock "0:00:06"]
[BlackClock "0:00:02"]

1. e4 d5 2. exd5 Qxd5 3. Nc3 Qa5 4. d4 Nf6 5. Bc4 Nc6 6. Nf3 Bg4 7. h3 Qh5 8. Be2 e6 9. O-O Bxf3 10. Bxf3 Qg6 11. d5 O-O-O 12. dxc6 Rxd1 13. cxb7+ Kb8 14. Rxd1 Bb4 15. Nb5 e5 16. c3 Bc5 17. b4 Bb6 18. a4 e4 19. Be2 Qf5 20. Rf1 a6 21. a5 axb5 22. axb6 Kxb7 23. Ra7+ Kxb6 24. Be3+ Kc6 25. Rd1 Nd5 26. Bd4 Nf4 27. Ra6+ Kb7 28. Ra7+ Kc6 29. Bg4 Qd5 30. Bxg7 Nd3 31. Bxh8 Kb6 32. Bd4+ Kc6 33. Rxd3 1-0


[Site "https://www.chess.com"]

[Event "Titled Tuesday Blitz October 19 2021"]
[White "Gurvich, Vitaly"]
[Black "Nogerbek, Kazybek"]
[WhiteFideId "24164852"]
[BlackFideId "13710427"]
[WhiteElo "2275"]
[BlackElo "2436"]
[Result "0-1"]
[Round "03"]
[TimeControl "180+1"]
[Date "2021.10.19"]
[WhiteClock "0:00:12"]
[BlackClock "0:00:54"]

1. e4 c6 2. d4 d5 3. exd5 cxd5 4. Bd3 Nc6 5. c3 g6 6. h3 Bg7 7. Nf3 Nh6 8. O-O Bf5 9. Re1 Bxd3 10. Qxd3 Nf5 11. Nbd2 O-O 12. b3 Rc8 13. Bb2 e6 14. Rad1 Qb6 15. g3 Rfd8 16. Kg2 Rc7 17. Ba1 Rdc8 18. h4 Qa5 19. Qb1 Nb8 20. Rc1 Nd7 21. Bb2 Nd6 22. a4 a6 23. Qd3 b5 24. axb5 Qxb5 25. Qxb5 axb5 26. b4 Nc4 27. Nxc4 Rxc4 28. Ra1 Nb6 29. Nd2 R4c6 30. Ra6 Na4 31. Rxc6 Rxc6 32. Ba1 Nxc3 33. Rc1 Bxd4 34. Nb1 Nxb1 35. Rxc6 Bxa1 36. Rc1 Bc3 37. Rxb1 Kf8 38. Kf3 Ke7 39. Rc1 d4 40. Ke4 Kd6 41. Rb1 f5+ 42. Kd3 e5 43. f3 Kd5 44. Rc1 e4+ 45. fxe4+ fxe4+ 46. Kc2 Kc4 47. Rf1 d3+ 48. Kd1 e3 0-1


[Site "https://www.chess.com"]